 Dungeon Crawl Stone Soup version 0.32-a0-40-g2adb59a (webtiles) character file.

Game seed: 5095076679580939711

259 Dorkslayer the Ruffian (level 6, -1/38 HPs)
             Began as an Octopode Shapeshifter on Jan 24, 2024.
             Slain by an orc
             ... wielding a +0 mace
              (4 damage)
             ... on level 4 of the Dungeon.
             The game lasted 00:07:37 (3026 turns).

Dorkslayer the Ruffian (Octopode Shapeshifter)      Turns: 3026, Time: 00:07:38

Health: -1/38      AC:  1    Str: 14 (16) XL:     6   Next: 17%
Magic:  15/15      EV: 13    Int: 10 (12) God:
Gold:   127        SH:  0    Dex: 11      Spells: 5/5 levels left

rFire   . .          .
                       - Unarmed
rCold   . . .        (no shield)
rNeg    + . .        (helmet currently unavailable)
rPois   .            (no amulet)
rElec   .            o - ring of magical power
rCorr   .            j - ring of positive energy
SInv    .            (no ring)
Will    .....        (no ring)
Stlth   +++          (no ring)
HPRegen 0.26/turn    (no ring)
MPRegen 0.14/turn    (no ring)
                     (no ring)

%: no passive effects
@: beast-form
A: beast (slay +2), almost no armour, amphibious, 8 rings, camouflage 1,
gelatinous body 1, (nimble swimmer 1), tentacles, tentacle spike 1, mutation
resistance 1, screaming 1
a: Begin Untransformation


You were on level 4 of the Dungeon.
You were a hulking beast.
You visited 1 branch of the dungeon, and saw 4 of its levels.

You collected 127 gold pieces.

Inventory:

Hand Weapons
 h - a +0 mace
Missiles
 k - 4 javelins (quivered)
Armour
 n - a +0 kite shield
Jewellery
 j - a ring of positive energy (right tentacle)
 o - a ring of magical power (left tentacle)
Talismans
 b - a beast talisman
 c - a flux talisman
 p - a serpent talisman
Wands
 f - a wand of polymorph (3)
 q - a wand of charming (8)
Scrolls
 d - a scroll of amnesia
 e - 2 scrolls of identify
 i - a scroll of enchant armour
 m - a scroll of silence
Potions
 a - 2 potions of lignification
 g - a potion of degeneration


   Skills:
 + Level 1.3 Fighting
 + Level 0.2 Throwing
 + Level 2.6 Dodging
 + Level 2.2 Stealth
 * Level 5.2 Unarmed Combat
 * Level 1.3 Evocations
 + Level 3.7 Shapeshifting


You had 5 spell levels left.
You didn't know any spells.
Your spell library contained the following spells:

 Spells                   Type           Power      Damage    Failure   Level
 Hailstorm                Conj/Ice       0%         3d5       75%         3
 Summon Ice Beast         Ice/Summ       0%         N/A       75%         3
 Alistair's Intoxication  Alch           0%         N/A       100%        5
 Borgnjor's Vile Clutch   Necr/Erth      0%         N/A       100%        5
 Eringya's Noxious Bog    Alch           0%         4d6       100%        6
 Sculpt Simulacrum        Ice/Alch       0%         N/A       100%        6


Dungeon Overview and Level Annotations

Branches:
Dungeon (4/15)
 Temple: D:4-7

Altars:


Innate Abilities, Weirdness & Mutations

You are a hulking beast.
Your limbs bulge with bestial killing power. (Slay +2)
You cannot wear most types of armour.
You are amphibious.
You can wear up to eight rings at the same time.
Your skin changes colour to match your surroundings (Stealth+).
Your rubbery body absorbs attacks. (AC +1, EV +1)
((You are camouflaged when in or above water. (Stealth+)))
You have tentacles for arms and can constrict up to eight enemies at once.
One of your tentacles bears a spike.
You are somewhat resistant to further mutation.
You occasionally shout uncontrollably at your foes.


Message History

You closely miss the phantom. You squeeze the phantom.
You destroy the phantom!
The orc priest looks braver for a moment.
You feel your dexterity returning.
Your Evocations skill increases to level 1!
You have reached level 6!
You are confused.
You feel invigorated.
You feel less invigorated.
You feel less confused.
You tentacle-slap the orc. Your grab misses the orc.
Your tentacle spike misses the orc.
The orc is severely wounded.
The orc hits you with a +0 dagger. The orc closely misses you.
The orc priest begins to cast a cantrip, but forgets the words!
You bludgeon the orc!
You kill the orc!
The orc misses you.
The orc priest casts a cantrip, but nothing happens.
Things that are here:
a +0 dagger; a +0 ring mail; an orc corpse An orc comes into view.
It is wielding a +0 short sword.
The orc attacks as it pursues you! The orc hits you with a +0 mace.
* * * LOW HITPOINT WARNING * * *
The orc wizard hits you with a +0 dagger.
* * * LOW HITPOINT WARNING * * *
The orc priest closely misses you.
The orc shouts!
You tentacle-slap the orc priest. You grab the orc priest.
You pierce the orc priest.
The orc priest is heavily wounded.
You constrict the orc priest. The orc closely misses you.
The orc wizard hits you with a +0 dagger.
* * * LOW HITPOINT WARNING * * *
The orc priest hits you with a +0 hand axe.
* * * LOW HITPOINT WARNING * * *
You tentacle-slap the orc priest.
You kill the orc priest!
The orc hits you with a +0 mace.
You die...

. .... ..####... ..
........ ... #.....#
.... #.....# ....#
##.....#####
.....##...##.....###
....#...###o)....#
..... #.....###h...###
..o... ##.....o.o....#
...... #............##
...... #...###.......#
<.....##o..##.......##
.#.......o..#....####
.#...#......##....
...###.....#####..
....##.....#


You could see an orc wizard and 2 orcs.

Vanquished Creatures
  A phantom (D:4)
  An orc priest (D:4)
  A bombardier beetle (D:4)
  Ijyb (D:3)
  An adder (D:2)
  A gnoll (D:1)
  5 ribbon worms
  3 dart slugs
  11 orcs
  7 endoplasms
  3 giant cockroaches
  7 goblins
  10 hobgoblins
  3 jackals (D:2)
  7 kobolds
  3 quokkas
  7 ball pythons
  8 bats
  5 frilled lizards
  5 rats
90 creatures vanquished.

Notes
Turn   | Place    | Note
-------+----------+-------------------------------------------
     0 | D:1      | Dorkslayer the Octopode Shapeshifter began the quest for
                  | the Orb.
     0 | D:1      | Reached XP level 1. HP: 13/13 MP: 1/1
   249 | D:1      | Reached XP level 2. HP: 18/18 MP: 2/2
   683 | D:1      | Reached XP level 3. HP: 15/23 MP: 3/3
  1022 | D:2      | Identified the +3 ring mail "Tumotexo" {rN+ rCorr}
  1278 | D:2      | Reached skill level 1 in Stealth
  1278 | D:2      | Reached skill level 4 in Unarmed Combat
  1278 | D:2      | Reached XP level 4. HP: 21/28 MP: 4/4
  1910 | D:3      | Noticed Ijyb
  1926 | D:3      | Gained mutation: You occasionally shout uncontrollably at
                  | your foes. [potion of mutation]
  1926 | D:3      | Gained mutation: One of your tentacles bears a spike.
                  | [potion of mutation]
  1926 | D:3      | Gained mutation: You are somewhat resistant to further
                  | mutation. [potion of mutation]
  1933 | D:3      | Killed Ijyb
  2204 | D:3      | Reached XP level 5. HP: 33/33 MP: 5/5
  2499 | D:3      | Found a faded altar of an unknown god.
  2987 | D:4      | Reached skill level 5 in Unarmed Combat
  3001 | D:4      | Noticed a phantom
  3014 | D:4      | Killed a phantom
  3015 | D:4      | Reached skill level 1 in Evocations
  3015 | D:4      | Reached XP level 6. HP: 6/38 MP: 6/6
  3026 | D:4      | Slain by an orc

Illustrated notes

Levels and vault maps discovered:
D:1:      sevenhm_arrival_forest_fort_small_5, layout_basic,
          nrook_loot_triangle, nicolae_grassy_gnolls
D:2:      minmay_spotlight, layout_basic
D:3:      kennysheep_six_static_rooms, layout_basic,
          hellmonk_ecumenical_altar_defaced_shrine, uniq_ijyb
D:4:      layout_cave_pools, enter_ossuary_2, uniq_sigmund

Skill      XL: |  1  2  3  4  5 |
---------------+----------------+-----
Stealth        | 1 2 |  2.2
Unarmed Combat | 4 5 |  5.2
Evocations     | 1 |  1.3
Fighting       | |  1.3
Throwing       | |  0.2
Dodging        | |  2.6
Shapeshifting  | |  3.7

Action                     |  1- 3 |  4- 6 || total
---------------------------+-------+-------++-------
  Melee: Unarmed           |    59 |    94 ||   153
         Constrict         |    17 |    28 ||    45
         Tentacles         |     7 |    22 ||    29
         Punch             |     2 |     2 ||     4
         Kick              |       |    25 ||    25
  Throw: Javelin           |       |     5 ||     5
    Use: Potion            |       |     8 ||     8
         Scroll            |       |     4 ||     4
   Stab: Sleeping          |     7 |     4 ||    11
 Armour: Skin              |    13 |    46 ||    59
  Dodge: Dodged            |    31 |    57 ||    88

Table legend: (Time is in decaauts)
 A = Elapsed time spent in this place.
 B = Non-inter-level travel time spent in this place.
 C = Inter-level travel time spent in this place.
 D = Time resting spent in this place.
 E = Time spent auto-exploring this place.
 F = Levels seen in this place.
 G = Mean time per level.
                   A        B        C        D        E       F      G
               +--------+--------+--------+--------+--------+-----+--------+
         Total |   3015 |   3015 |      0 |      0 |   1861 |   4 |  753.8 |
       Dungeon |   3015 |   3015 |      0 |      0 |   1861 |   4 |  753.8 |
               +--------+--------+--------+--------+--------+-----+--------+

Top non-repeatable levels by time:
     D:3: 1148 daAuts
     D:1: 966 daAuts
     D:2: 826 daAuts
     D:4: 73 daAuts
